 Dungeon Crawl Stone Soup version 0.20-a0-2-g2b0e13a (webtiles) character file.

30907 Naow the Bludgeoner (level 13, -4/144 HPs)
             Began as an Ogre Hunter on Oct 28, 2016.
             Was a Priest of the Shining One.
             Slain by a seven-headed hydra (11 damage)
             ... on level 6 of the Lair of Beasts.
             The game lasted 00:32:53 (20466 turns).

Naow the Bludgeoner (Ogre Hunter)                  Turns: 20466, Time: 00:32:54

Health: -4/144     AC:  7    Str: 24    XL:     13   Next: 54%
Magic:  15/16      EV: 13    Int: 16    God:    the Shining One [***...]
Gold:   915        SH: 33    Dex: 17    Spells: 0 memorised, 12 levels left

rFire  . . .     SeeInvis .     X - +4 mace
rCold  . . .     Gourm    .     b - +0 robe
rNeg   + . .     Faith    .     n - +1 large shield
rPois  +         Spirit   .     (helmet restricted)
rElec  .         Reflect  +     l - +0 cloak
rCorr  .         Harm     .     (gloves unavailable)
MR     +....     Clarity  +     (boots unavailable)
Stlth  ++........               o - +4 amulet of reflection
                                T - +6 ring of intelligence
                                C - ring of poison resistance

@: agile, divine shield, glowing
A: unfitting armour, icy blue scales 2, thin skeletal structure 1, clarity, low
mp 2, tough skin 1, subdued magic 1
a: Divine Shield, Renounce Religion


You were on level 6 of the Lair of Beasts.
You worshipped the Shining One.
The Shining One was most pleased with you.
You were not hungry.

You visited 2 branches of the dungeon, and saw 17 of its levels.
You also visited: Sewer.

You collected 915 gold pieces.

Inventory:

Hand Weapons
 F - a +0 giant spiked club
 X - a +4 mace (weapon)
Missiles
 c - 4 large rocks (quivered)
 d - 7 throwing nets
Armour
 b - a +0 robe (worn)
 l - a +0 cloak (worn)
 n - a +1 large shield (worn)
Jewellery
 h - an uncursed amulet of magic regeneration
 o - a +4 amulet of reflection (around neck)
 q - an uncursed amulet of rage
 z - an uncursed ring of fire {unknown}
 C - a ring of poison resistance (left hand)
 H - an uncursed ring of positive energy
 Q - an uncursed amulet of harm {unknown}
 T - a +6 ring of intelligence (right hand)
Wands
 r - a wand of digging (11/24)
 J - a wand of flame (26/48)
 M - a wand of iceblast (5/15)
 R - a wand of enslavement (9/24)
 Z - a wand of disintegration (17/24)
Scrolls
 e - 8 scrolls of remove curse
 i - a scroll of fear
 k - 2 scrolls of random uselessness
 s - 2 scrolls of enchant armour
 v - 7 scrolls of teleportation
 y - 6 scrolls of fog
 B - 15 scrolls of identify
 G - a scroll of magic mapping {unknown}
Potions
 g - 2 potions of cancellation
 j - a potion of curing
 p - 2 potions of resistance {unknown}
 t - a potion of magic {unknown}
 A - a potion of invisibility
 I - 2 potions of flight
 O - a potion of brilliance
 P - a potion of mutation
 U - a potion of ambrosia
 Y - a potion of cure mutation
Books
 a - a book of Beasts

   Spells                             Type                      Level
   a - Summon Butterflies             Summoning                    1
   b - Call Canine Familiar           Summoning                    3
   c - Summon Ice Beast               Ice/Summoning                4
   d - Summon Mana Viper              Hexes/Summoning              5
   e - Summon Hydra                   Summoning                    7
 K - a book of Geomancy

   Spells                             Type                      Level
   a - Sandblast                      Earth                        1
   b - Passwall                       Transmutation/Earth          2
   c - Stone Arrow                    Conjuration/Earth            3
   d - Petrify                        Transmutation/Earth          4
   e - Lee's Rapid Deconstruction     Earth                        5
 L - a book of Frost

   Spells                             Type                      Level
   a - Freeze                         Ice                          1
   b - Throw Frost                    Conjuration/Ice              2
   c - Ozocubu's Armour               Charms/Ice                   3
   d - Throw Icicle                   Conjuration/Ice              4
   e - Summon Ice Beast               Ice/Summoning                4
 N - a book of Misfortune

   Spells                             Type                      Level
   a - Confusing Touch                Hexes                        1
   b - Confuse                        Hexes                        3
   c - Gell's Gravitas                Hexes/Translocation          3
   d - Petrify                        Transmutation/Earth          4
   e - Metabolic Englaciation         Hexes/Ice                    5
   f - Yara's Violent Unravelling     Hexes/Transmutation          5
 S - a book of Cantrips

   Spells                             Type                      Level
   a - Confusing Touch                Hexes                        1
   b - Animate Skeleton               Necromancy                   1
   c - Summon Small Mammal            Summoning                    1
   d - Apportation                    Translocation                1
Comestibles
 f - 9 bread rations
 m - 11 meat rations
 u - 7 beef jerkies
 w - 2 royal jellies
 D - 11 fruits
 E - a chunk of flesh


   Skills:
 + Level 13.4 Fighting
 * Level 17.7 Maces & Flails
 - Level 4.0 Throwing
 - Level 1.7 Dodging
 - Level 0.6 Stealth
 + Level 9.8 Shields
 + Level 10.0 Invocations


You had 12 spell levels left.
You didn't know any spells.

Dungeon Overview and Level Annotations

Branches:
Dungeon (11/15)            Temple (0/1) D:7            Lair (6/6) D:11
 Shoals (0/4) Lair:3       Spider (0/4) Lair:3        Slime (0/5) Lair:5
    Orc: D:9-12

Altars:
Cheibriados
Makhleb
Okawaru
Vehumet
The Shining One

Shops:
D:8 ?

Annotations:
D:3 1 runed door
D:5 Naow's ghost, novice OgHu


Innate Abilities, Weirdness & Mutations

You are too large for most types of armour.
You have tough skin. (AC +1)
You are mostly covered in icy blue scales. (AC +3)
You have a somewhat thin skeletal structure. (Dex +2, Stealth)
You possess an exceptional clarity of mind.
Your magical capacity is very low. (-20% MP)
Your spells are a little easier to cast, but a little less powerful.


Message History

Aim: a seven-headed hydra (severely wounded, haloed)
You throw a large rock.
The large rock hits the seven-headed hydra!
The seven-headed hydra is almost dead.
The wolf spider hits the plant!!
The wolf spider bites the plant but does no damage.
You block the seven-headed hydra's attack. x5
The seven-headed hydra bites you!
* * * LOW HITPOINT WARNING * * *
The seven-headed hydra barely misses you.
The dream sheep bites the fungus.
The wolf spider hits the plant!!
The wolf spider bites the plant but does no damage.
The seven-headed hydra bites you.
* * * LOW HITPOINT WARNING * * *
You block the seven-headed hydra's attack. x2
The seven-headed hydra bites you.
* * * LOW HITPOINT WARNING * * *
The seven-headed hydra barely misses you.
The seven-headed hydra bites you!
You die...

#..# #P..PP
##.###P.....
##.P.P#....
##.P..#P...
#......# ..
##....##
##...P##
#....P.###..
##..@P.P...P
#.PPPDP...P#
#P..Ys....P#
#........P##
#.........P#
##........P#
##......P#..
##.....P#..


You could see a seven-headed hydra, a wolf spider and a dream sheep.

Vanquished Creatures
  Harold (Lair:4)
  A hydra (Lair:3)
  Erolcha (D:10)
  3 unseen horrors
  A lindwurm (Lair:3)
  An orb spider (Lair:3)
  A deep elf mage (D:8)
  3 ugly things
  Maurice (D:9)
  A black mamba (Lair:5)
  3 torpor snails (Lair:4)
  8 spiny frogs
  A centaur skeleton (D:11)
  8 komodo dragons
  A rime drake (Lair:3)
  4 polar bears
  A two-headed ogre (D:10)
  3 blink frogs (Lair:4)
  8 dream sheep
  7 hippogriffs
  7 spriggans (Lair:1)
  2 shadows
  15 yaks
  Eustachio (D:4)
  A wyvern (D:11)
  A hungry ghost (D:11)
  Grum (D:8)
  A mottled dragon (D:11)
  10 water moccasins
  4 ice beasts
  7 porcupines
  A phantom (D:9)
  2 sky beasts
  Purgy (Sewer)
  2 black bears
  6 orc warriors
  7 boggarts
  A necrophage (D:10)
  5 ogres
  12 wolves
  5 centaurs
  8 crocodiles
  12 bullfrogs
  A gnoll sergeant (D:10)
  A wyvern skeleton (D:9)
  6 scorpions
  7 killer bees
  3 crimson imps
  A quasit (D:11)
  A bullfrog zombie (D:9)
  A centaur zombie (D:11)
  4 jellies
  2 bullfrog skeletons (D:8)
  9 orc priests
  5 hounds
  9 orc wizards
  Terence (D:2)
  Jessica (D:2)
  Ijyb (D:2)
  Natasha (twice) (D:2)
  11 iguanas
  13 worker ants
  2 killer bee zombies
  4 hound skeletons
  2 worker ant zombies
  3 gnolls (D:10)
  12 adders
  A shadow imp (D:6)
  An adder skeleton (D:4)
  4 worms
  A dart slug (D:2)
  4 leopard geckos
  41 orcs
  3 ball pythons
  5 bats
  6 giant cockroaches
  11 goblins
  11 hobgoblins
  9 jackals
  7 kobolds
  5 quokkas
  5 frilled lizards
  7 rats
393 creatures vanquished.

Vanquished Creatures (others)
  2 centaurs
  A bullfrog (D:9)
  4 fungi
  2 plants
9 creatures vanquished.

Grand Total: 402 creatures vanquished

Notes
Turn   | Place    | Note
-------+----------+-------------------------------------------
     0 | D:1      | Naow the Ogre Hunter began the quest for the Orb.
     0 | D:1      | Reached XP level 1. HP: 22/22 MP: 1/1
   306 | D:1      | Reached XP level 2. HP: 25/31 MP: 2/2
   465 | D:1      | Reached skill level 1 in Maces & Flails
   778 | D:2      | Noticed Jessica
   786 | D:2      | Killed Jessica
   786 | D:2      | Reached skill level 2 in Maces & Flails
   786 | D:2      | Reached XP level 3. HP: 22/39 MP: 3/3
   996 | D:2      | Noticed Terence
  1010 | D:2      | Killed Terence
  1010 | D:2      | Reached skill level 3 in Maces & Flails
  1010 | D:2      | Reached XP level 4. HP: 36/48 MP: 4/4
  1121 | D:2      | Noticed Ijyb
  1136 | D:2      | Killed Ijyb
  1136 | D:2      | Reached skill level 1 in Shields
  1623 | D:2      | Reached XP level 5. HP: 49/55 MP: 5/5
  1700 | D:2      | Noticed Natasha
  1708 | D:2      | Killed Natasha
  1708 | D:2      | Reached skill level 4 in Maces & Flails
  1913 | D:2      | Noticed Natasha
  1921 | D:2      | Killed Natasha
  2152 | D:3      | Found a snail-covered altar of Cheibriados.
  2210 | D:3      | Reached skill level 5 in Fighting
  2297 | D:3      | Reached XP level 6. HP: 66/66 MP: 6/6
  2361 | D:3      | Found a radiant altar of Vehumet.
  2429 | D:3      | Reached skill level 5 in Maces & Flails
  2675 | D:3      | Found a glowing golden altar of the Shining One.
  2866 | D:3      | Became a worshipper of the Shining One
  2994 | D:3      | Found a runed door.
  3481 | D:4      | Found an iron altar of Okawaru.
  3720 | D:4      | Noticed Eustachio
  3737 | D:4      | Gained mutation: You are partially covered in icy blue scales. (AC +2) [potion of mutation]
  3737 | D:4      | Gained mutation: You have a pair of small horns on your head. [potion of mutation]
  3737 | D:4      | Gained mutation: Your spells are a little easier to cast, but a little less powerful. [potion of mutation]
  3746 | D:4      | Reached skill level 6 in Maces & Flails
  3746 | D:4      | Reached XP level 7. HP: 66/74 MP: 7/7
  4021 | D:4      | Killed Eustachio
  4076 | D:4      | Reached skill level 7 in Maces & Flails
  4083 | D:4      | Reached * piety under the Shining One
  4175 | D:5      | Entered Level 5 of the Dungeon
  4175 | D:5      | Noticed Naow's ghost (novice OgHu)
  4555 | D:5      | Found a glowing drain.
  4593 | Sewer    | Entered a sewer
  4732 | Sewer    | Noticed Purgy
  4746 | Sewer    | Killed Purgy
  4746 | Sewer    | Reached XP level 8. HP: 61/84 MP: 8/8
  4772 | Sewer    | Reached skill level 8 in Maces & Flails
  5692 | D:6      | Noticed a shadow
  5705 | D:6      | Killed a shadow
  5705 | D:6      | Reached skill level 9 in Maces & Flails
  6160 | D:7      | Found a staircase to the Ecumenical Temple.
  6214 | D:7      | Noticed a hippogriff
  6227 | D:7      | Killed a hippogriff
  6227 | D:7      | Reached skill level 1 in Invocations
  6425 | D:7      | Reached skill level 10 in Maces & Flails
  6496 | D:7      | Reached XP level 9. HP: 95/96 MP: 8/10
  7082 | D:7      | Reached ** piety under the Shining One
  7472 | D:7      | Reached skill level 5 in Shields
  8007 | D:8      | Found Duuj's Magic Scroll Shop.
  8167 | D:8      | Noticed Grum
  8177 | D:8      | Reached skill level 11 in Maces & Flails
  8182 | D:8      | Killed Grum
  8834 | D:8      | Noticed a deep elf mage
  8845 | D:8      | Killed a deep elf mage
  8981 | D:8      | Reached XP level 10. HP: 78/107 MP: 12/12
  9034 | D:8      | Reached skill level 12 in Maces & Flails
 10068 | D:9      | Noticed an unseen horror
 10094 | D:9      | Killed an unseen horror
 10094 | D:9      | Reached skill level 5 in Invocations
 10306 | D:9      | Reached skill level 10 in Fighting
 10313 | D:9      | Reached skill level 13 in Maces & Flails
 10440 | D:9      | Found a burning altar of Makhleb.
 10462 | D:9      | Noticed Maurice
 10496 | D:9      | Killed Maurice
 10893 | D:10     | Entered Level 10 of the Dungeon
 10893 | D:10     | Noticed Erolcha
 10907 | D:10     | Killed Erolcha
 10907 | D:10     | Reached XP level 11. HP: 103/119 MP: 12/15
 11122 | D:10     | Reached *** piety under the Shining One
 11354 | D:10     | Reached skill level 14 in Maces & Flails
 11863 | D:11     | Noticed a cyan ugly thing
 11871 | D:11     | Killed a cyan ugly thing
 11932 | D:11     | Noticed a red ugly thing
 11950 | D:11     | Killed a red ugly thing
 12869 | D:11     | Found a staircase to the Lair.
 13002 | D:11     | Noticed a catoblepas
 13002 | D:11     | Noticed a cyan ugly thing
 13003 | D:11     | Noticed an unseen horror
 13008 | D:11     | Killed an unseen horror
 13009 | D:11     | Noticed a manticore
 13042 | D:10     | Noticed a cyan ugly thing
 13053 | D:10     | HP: 5/120 [cyan ugly thing (16)]
 13055 | D:10     | Killed a cyan ugly thing
 13435 | D:10     | Lost mutation: You have a pair of small horns on your head. [potion of mutation]
 13435 | D:10     | Gained mutation: You possess an exceptional clarity of mind. [potion of mutation]
 13436 | D:10     | Gained mutation: You are occasionally teleported next to monsters. [potion of mutation]
 13436 | D:10     | Gained mutation: Your magical capacity is low. (-10% MP) [potion of mutation]
 13436 | D:10     | Gained mutation: Your magical capacity is very low. (-20% MP) [potion of mutation]
 13437 | D:10     | Gained mutation: You have a somewhat thin skeletal structure. (Dex +2, Stealth) [potion of mutation]
 13438 | D:10     | Gained mutation: You are mostly covered in icy blue scales. (AC +3) [potion of mutation]
 13438 | D:10     | Lost mutation: You are occasionally teleported next to monsters. [potion of mutation]
 13740 | D:11     | Reached skill level 15 in Maces & Flails
 14068 | D:11     | Noticed an unseen horror
 14085 | D:11     | Killed an unseen horror
 14085 | D:11     | Reached XP level 12. HP: 112/132 MP: 14/14
 14101 | Lair:1   | Entered Level 1 of the Lair of Beasts
 16057 | Lair:2   | Reached skill level 16 in Maces & Flails
 17260 | Lair:3   | Found a hole to the Spider Nest.
 17418 | Lair:3   | Found a staircase to the Shoals.
 17493 | Lair:3   | Noticed a six-headed hydra
 17505 | Lair:3   | HP: 3/133 [six-headed hydra (11)]
 17505 | Lair:3   | The Shining One protects you from harm!
 17507 | Lair:3   | Killed a six-headed hydra
 18105 | Lair:3   | Reached XP level 13. HP: 79/141 MP: 15/15
 18493 | Lair:4   | Noticed Harold
 18518 | Lair:4   | Killed Harold
 18518 | Lair:4   | Reached skill level 17 in Maces & Flails
 19008 | Lair:4   | Found a snail-covered altar of Cheibriados.
 19232 | Lair:5   | Found a staircase to the Slime Pits.
 19853 | Lair:6   | Entered Level 6 of the Lair of Beasts
 19926 | Lair:5   | HP: 7/144 [black mamba (10)]
 19927 | Lair:5   | HP: 3/144 [water moccasin (5)]
 20457 | Lair:6   | Reached skill level 10 in Invocations
 20466 | Lair:6   | HP: 7/144 [seven-headed hydra (6)]
 20466 | Lair:6   | Slain by a seven-headed hydra

Vault maps used:
D:1:      minmay_arrival_hallway, minmay_misc_feat_more_columns,
          roderic_roman_lattice
D:2:      first_bread, minmay_unequal, uniq_terence, uniq_natasha, uniq_jessica,
          uniq_iyjb
D:3:      nicolae_overflow_hidden_temple, lemuel_round_altar, tso_altar,
          uniq_crazy_yiuf_cottage
D:4:      lemuel_crystal_altar, uniq_eustachio
D:5:      kennysheep_little_box, portal_sewer_entry_a, nicolae_ru_awakened_eye
D:8:      minmay_tri_box, serial_shops, shop_fountains, uniq_grum
D:9:      bloody_makhleb, uniq_maurice
D:10:     grunt_ogre_cave, uniq_erolcha
D:11:     minmay_opposing_rooms, erik_lair_dragon
Lair:1:   kb_forest_paths, serial_forest, infiniplex_forest_clump_double,
          infiniplex_forest_corner_1, infiniplex_forest_side_room,
          infiniplex_forest_lined_room_3, minivault_11
Lair:3:   minmay_shoals_entry_centaurs, nicolae_spider_entry_orb_guardian,
          nicolae_volcano_entry_vermiform
Lair:4:   kennysheep_snail_temple, uniq_harold
Lair:5:   slime_dummy, kilobyte_rumbling_trees
Lair:6:   hangedman_lair_tendril_chambers, roderic_batcave,
          hangedman_lair_unloving_vines, uniq_rupert
Sewer:    kennysheep_door_sewer

Skill      XL: |  1  2  3  4  5  6  7  8  9 10 11 12 13 |
---------------+----------------------------------------+-----
Fighting       | 3 4 5 6 7 9 10 11 12 13 | 13.4
Maces & Flails | 2 3 4 6 7 10 11 13 15 16 17 | 17.7
Shields        | 1 2 3 4 5 6 8 9 |  9.8
Invocations    | 1 3 6 7 9 10 | 10.0
Throwing       | |  4.0
Dodging        | |  1.7
Stealth        | |  0.6

Action                   |  1- 3 |  4- 6 |  7- 9 | 10-12 | 13-15 || total
-------------------------+-------+-------+-------+-------+-------++-------
Melee: Short sword       |    53 |       |       |       |       ||    53
       Mace              |    26 |   254 |   463 |   933 |   268 ||  1944
       Headbutt          |       |       |    85 |   112 |       ||   197
Throw: Large rock        |       |     2 |       |       |     1 ||     3
Invok: Divine Shield     |       |       |     1 |    14 |     6 ||    21
  Use: Potion            |       |    10 |     4 |     8 |     3 ||    25
       Scroll            |       |       |     8 |    11 |       ||    19
 Stab: Sleeping          |     2 |     3 |       |       |       ||     5
       Distracted        |       |     1 |       |       |     1 ||     2
       Petrified         |       |       |       |     4 |       ||     4
  Eat: Chunk             |       |     8 |    13 |    26 |     6 ||    53
       Bread ration      |       |       |     1 |     1 |       ||     2
       Royal jelly       |       |       |     1 |       |       ||     1
       Meat ration       |       |       |       |       |     1 ||     1
Armor: Robe              |    36 |    46 |    69 |    74 |    33 ||   258
       Skin              |       |     7 |    22 |       |       ||    29
Dodge: Dodged            |    41 |    30 |    52 |   108 |    45 ||   276
Block: Large shield      |    12 |   221 |   473 |   849 |   292 ||  1847
       Reflection        |       |     4 |     2 |    14 |     2 ||    22
